 Dungeon Crawl Stone Soup version 0.21.1-1-g345015f (webtiles) character file.

229 Mirai the Sneak (level 6, -2/32 HPs)
             Began as a Kobold Enchanter on Apr 27, 2018.
             Was an Initiate of Okawaru.
             Slain by an orc wizard
             ... wielding a +0 dagger
              (5 damage)
             ... on level 3 of the Dungeon.
             The game lasted 00:05:42 (2698 turns).

Mirai the Sneak (Kobold Enchanter)                  Turns: 2698, Time: 00:05:43

Health: -2/32      AC:  3    Str:  7    XL:     6   Next: 23%
Magic:  1/11       EV: 16    Int: 16    God:    Okawaru [......]
Gold:   145        SH:  0    Dex: 16    Spells: 3/11 levels left

rFire    . . .     SeeInvis +   a - +2 dagger
rCold    . . .     Gourm    .   (shield restricted)
rNeg     . . .     Faith    .   b - +0 robe
rPois    .         Spirit   .   (no helmet)
rElec    .         Reflect  .   h - +0 cloak
rCorr    .         Harm     .   (no gloves)
MR       .....                  (no boots)
Stlth    +++.......             (no amulet)
HPRegen  0.10/turn              g - ring of see invisible
MPRegen  0.12/turn              (no ring)

@: very slightly contaminated, hasted and slowed
A: small, carnivore
a: Renounce Religion


You were on level 3 of the Dungeon.
You worshipped Okawaru.
Okawaru was noncommittal.
You were very full.

You visited 1 branch of the dungeon, and saw 3 of its levels.

You collected 145 gold pieces.

Inventory:

Hand Weapons
 a - a +2 dagger (weapon)
Armour
 b - a +0 robe (worn)
 h - a +0 cloak (worn)
Jewellery
 g - a ring of see invisible (left hand)
Scrolls
 e - 3 scrolls of teleportation
 i - a scroll of fog
 k - 3 scrolls of identify
 m - a scroll of magic mapping {unknown}
 n - 2 scrolls of remove curse {unknown}
Potions
 j - a potion of ambrosia {unknown}
 o - 2 potions of cancellation
Books
 c - a book of Maledictions

   Spells                             Type                      Level
   a - Corona                         Hexes                        1
   b - Ensorcelled Hibernation        Hexes/Ice                    2
   c - Confuse                        Hexes                        3
   d - Tukima's Dance                 Hexes                        3
   e - Dazzling Spray                 Conjuration/Hexes            3
Comestibles
 d - 6 rations
 l - 2 chunks of flesh


   Skills:
 + Level 3.5 Short Blades
 + Level 3.8 Dodging
 + Level 5.4 Stealth
 + Level 3.3 Spellcasting
 + Level 3.9 Hexes


You had 3 spell levels left.
You knew the following spells:

 Your Spells              Type           Power        Failure   Level  Hunger
a - Ensorcelled Hibernat  Hex/Ice        #.....       12%         2    ##.....
b - Confuse               Hex            ###.....     11%         3    ###....
c - Tukima's Dance        Hex            ###.....     11%         3    ###....


Dungeon Overview and Level Annotations

Branches:
Dungeon (3/15)

Altars:
Okawaru
Qazlal
Uskayaw


Innate Abilities, Weirdness & Mutations

You are small and have problems with some larger weapons.
You are carnivorous and can eat meat at any time.


Message History

The orc wizard is severely wounded.
The orc wizard casts a spell.
The orc wizard blinks!
It was a potion of haste.
You feel yourself speed up.
The orc wizard points at you and mumbles some strange words.
The magic dart hits you!
* * * LOW HITPOINT WARNING * * *
Unknown command.
You closely miss the orc wizard.
The orc wizard is severely wounded.
The orc wizard points at you and mumbles some strange words.
You feel yourself slow down.
You hit the orc wizard.
The orc wizard is almost dead.
The orc wizard is no longer moving quickly.
The orc wizard barely misses you.
You closely miss the orc wizard.
The orc wizard is almost dead.
The orc wizard hits you with a dagger.
You die...

####### .# #.....# #.##
#.....# ##.).## #...(.#
#.....# #.....# #.....#
#.....# #.....# ## ###.###
#....# .# ####.#### #o#
.###.......# #@#
#.##.#.###.# #.#
.###.#.###.# #.#
.........#.#####.#
.###.#.#.........##########
# .#
#.......########.......#
#### ## ####.####
#...[....(.####... ##.##
#.##..#....##..... #...#
#.##..#.#.....#.#.


You could see an orc wizard.

Vanquished Creatures
  A bullfrog skeleton (D:3)
  2 orc priests (D:3)
  Crazy Yiuf (D:2)
  5 adders
  A worm (D:2)
  2 dart slugs
  2 leopard geckos
  6 orcs (D:3)
  2 ball pythons
  A giant cockroach (D:3)
  5 goblins
  8 hobgoblins
  3 jackals (D:2)
  A quokka (D:3)
  8 bats
  A frilled lizard (D:3)
  4 kobolds
  5 rats
58 creatures vanquished.

Notes
Turn   | Place    | Note
-------+----------+-------------------------------------------
     0 | D:1      | Mirai the Kobold Enchanter began the quest for the Orb.
     0 | D:1      | Reached XP level 1. HP: 10/10 MP: 3/3
   305 | D:1      | Reached XP level 2. HP: 15/15 MP: 5/5
   313 | D:1      | Learned a level 2 spell: Ensorcelled Hibernation
   865 | D:2      | Reached XP level 3. HP: 6/19 MP: 2/6
  1275 | D:2      | Found a stormy altar of Qazlal.
  1283 | D:2      | Found a hide-covered altar of Uskayaw.
  1392 | D:2      | Found a faded altar of an unknown god.
  1403 | D:2      | Reached XP level 4. HP: 9/24 MP: 1/8
  1718 | D:2      | Found an iron altar of Okawaru.
  1734 | D:2      | Became a worshipper of Warmaster Okawaru
  1911 | D:2      | Found a runed door.
  1915 | D:2      | Noticed Crazy Yiuf
  1957 | D:2      | Killed Crazy Yiuf
  1957 | D:2      | Reached XP level 5. HP: 18/28 MP: 0/9
  2220 | D:3      | Reached skill level 5 in Stealth
  2232 | D:3      | Learned a level 3 spell: Confuse
  2236 | D:3      | Learned a level 3 spell: Tukima's Dance
  2270 | D:3      | Reached XP level 6. HP: 32/32 MP: 10/10
  2698 | D:3      | Slain by an orc wizard

Skill      XL: |  1  2  3  4  5 |
---------------+----------------+-----
Short Blades   | 2 3 |  3.5
Dodging        | 3 |  3.8
Spellcasting   | 3 |  3.3
Stealth        | 5 |  5.4
Hexes          | |  3.9

Action                   |  1- 3 |  4- 6 || total
-------------------------+-------+-------++-------
Melee: Dagger            |   103 |   119 ||   222
 Cast: Ensorcelled Hiber |     3 |    14 ||    17
       Corona            |     1 |       ||     1
       Confuse           |       |     2 ||     2
  Use: Scroll            |       |     5 ||     5
       Potion            |       |     1 ||     1
 Stab: Sleeping          |    15 |    13 ||    28
  Eat: Chunk             |    10 |     5 ||    15
Armor: Robe              |    19 |    19 ||    38
Dodge: Dodged            |    79 |    87 ||   166
